 Dungeon Crawl Stone Soup version 0.30-a0-851-gbd0d260d8e (webtiles) character file.

Game seed: 7339928081922534249

693 Conn the Firebug (level 7, -3/44 HPs)
             Began as an Octopode Fire Elementalist on Mar 4, 2023.
             Slain by a lemure (9 damage)
             ... led by Pikel
             ... on level 5 of the Dungeon.
             The game lasted 00:12:52 (5133 turns).

Conn the Firebug (Octopode Fire Elementalist)       Turns: 5133, Time: 00:12:52

Health: -3/44      AC:  1    Str:  7    XL:     7   Next: 64%
Magic:  5/13       EV: 13    Int: 20    God:
Gold:   239        SH:  0    Dex: 12    Spells: 8/14 levels left

rFire   . . .      SeeInvis .    v - +2 falchion (heavy)
rCold   . . .      Faith    .    (no shield)
rNeg    . . .      Spirit   .    (helmet restricted)
rPois   .          Reflect  .    d - amulet of regeneration
rElec   .          Rampage  .    (no ring)
rCorr   .                        (no ring)
Will    .....                    (no ring)
Stlth   ++++                     (no ring)
HPRegen 1.07/turn                (no ring)
MPRegen 0.13/turn                (no ring)
                                 (no ring)
                                 (no ring)

@: about to teleport
A: almost no armour, amphibious, 8 rings, camouflage 1, gelatinous body 1,
(nimble swimmer 1), tentacles
a: no special abilities


You were on level 5 of the Dungeon.
You visited 1 branch of the dungeon, and saw 5 of its levels.
You also visited: Sewer.

You collected 239 gold pieces.

Inventory:

Hand Weapons
 c - a +0 dagger
 f - a +0 short sword
 v - a +2 heavy falchion (weapon)
Jewellery
 d - an amulet of regeneration (around mantle)
 m - a ring of ice
Scrolls
 e - 4 scrolls of identify {unknown}
 h - 3 scrolls of enchant weapon {unknown}
 j - 2 scrolls of teleportation
 l - a scroll of immolation {unknown}
 n - 2 scrolls of amnesia
 o - a scroll of brand weapon {unknown}
 r - 2 scrolls of vulnerability {unknown}
 s - a scroll of noise {unknown}
 t - a scroll of blinking {unknown}
 u - a scroll of summoning {unknown}
 w - a scroll of torment {unknown}
 x - a scroll of fog {unknown}
 y - a scroll of silence {unknown}
Potions
 a - 4 potions of magic
 b - a potion of ambrosia {unknown}
 g - a potion of flight
 k - a potion of brilliance {unknown}
 q - a potion of lignification {unknown}
 z - a potion of invisibility {unknown}
 A - a potion of might {unknown}


   Skills:
 + Level 1.9 Fighting
 + Level 0.8(1.2) Short Blades
 + Level 1.2(1.3) Long Blades
 + Level 0.1 Throwing
 + Level 2.7 Dodging
 + Level 4.9 Stealth
 + Level 4.3 Spellcasting
 + Level 2.5 Conjurations
 + Level 5.2 Fire Magic


You had 8 spell levels left.
You knew the following spells:

 Your Spells              Type           Power      Damage    Failure   Level
a - Foxfire               Conj/Fire      76%        2x1d7     2%          1
c - Inner Flame           Hex/Fire       14%        N/A       13%         3
e - Scorch                Fire           50%        2d7       2%          2

Your spell library contained the following spells:

 Spells                   Type           Power      Damage    Failure   Level
 Sandblast                Erth           8%         2d5       12%         1
 Lesser Beckoning         Tloc           8%         N/A       19%         2
 Passwall                 Tmut/Erth      3%         N/A       19%         2
 Kindle Blastsparks       Fire/Tloc/Air  22%        2d11      19%         3
 Stone Arrow              Conj/Erth      18%        3d8       22%         3
 Flame Wave               Conj/Fire      19%        2d7       26%         4
 Gell's Gravitas          Tloc           4%         N/A       36%         3
 Teleport Other           Tloc           4%         N/A       36%         3


Dungeon Overview and Level Annotations

Branches:
Dungeon (5/15)              Sewer (visited)
 Temple: D:4-7

Altars:
Nemelex Xobeh
Xom

Shops:
D:2 [

Annotations:
D:5 Pikel


Innate Abilities, Weirdness & Mutations

You cannot wear most types of armour.
You are amphibious.
You can wear up to eight rings at the same time.
Your skin changes colour to match your surroundings (Stealth+).
Your rubbery body absorbs attacks. (AC +1, EV +1)
((You are camouflaged when in or above water. (Stealth+)))
You have tentacles for arms and can constrict up to eight enemies at once.


Message History

The lemure attacks as you move away! The lemure misses you.
The foxfire hits the lemure.
The lemure is severely wounded.
The foxfire hits the lemure.
The lemure is almost dead.
Okay, then.
Unknown command.
Unknown command.
Unknown command.
Okay, then.
Unknown command.
Unknown command.
Okay, then.
Unknown command.
Unknown command.
Unknown command.
Okay, then.
Unknown command.
Unknown command.
Okay, then.
Unknown command.
You slash the lemure!
You kill the lemure!
That felt strangely unrewarding.
The lemure closely misses you. x3
The lemure barely misses you.
Okay, then.
Unknown command.
As you read the scroll of teleportation, it crumbles to dust.
You feel strangely unstable. The lemure hits you.
* * * LOW HITPOINT WARNING * * *
The lemure misses you. The lemure attacks as you move away!
The lemure hits you!
* * * LOW HITPOINT WARNING * * *
The lemure barely misses you.
Your magical contamination has completely faded away.
Okay, then.
Okay, then.
The lemure closely misses you. The lemure hits you!
You die...

...#....5....######
...'...............
...# #.# ...# #.#
...## #.# ..... #.#
#### #.# #
#.####### ########
#.....@.# ......).
#.....55#
.##########.......#
.#................#
#.#
.#.################
#.# .#.# #># ...#
#(# #### #.# ##.#


You could see 2 lemures.

Vanquished Creatures
  Sigmund (D:4)
  Eustachio (D:4)
  A lemure (D:5)
  A hound (D:5)
  A jelly (D:4)
  An orc priest (D:3)
  An iguana (D:5)
  2 orc wizards (D:3)
  A sleepcap (D:5)
  5 adders
  3 river rats (Sewer)
  An ufetubus (D:5)
  3 worms
  A dart slug (D:1)
  13 orcs
  9 ball pythons
  2 bats
  6 endoplasms
  3 giant cockroaches
  5 goblins
  5 hobgoblins
  2 jackals (D:3)
  23 kobolds
  4 quokkas
  3 frilled lizards
  27 rats
125 creatures vanquished.

Vanquished Creatures (others)
  355 foxfires
355 creatures vanquished.

Grand Total: 480 creatures vanquished

Notes
Turn   | Place    | Note
-------+----------+-------------------------------------------
     0 | D:1      | Conn the Octopode Fire Elementalist began the quest for the
                  | Orb.
     0 | D:1      | Reached XP level 1. HP: 11/11 MP: 3/3
   154 | D:1      | Reached XP level 2. HP: 17/17 MP: 0/5
   932 | D:2      | Reached XP level 3. HP: 21/21 MP: 0/6
  1141 | D:3      | Learned a level 2 spell: Scorch
  1145 | D:3      | Learned a level 3 spell: Inner Flame
  1252 | D:2      | Reached skill level 4 in Fire Magic
  1426 | D:2      | Reached XP level 4. HP: 20/27 MP: 4/7
  1472 | D:2      | Found Jics's Antique Armour Emporium.
  1858 | D:3      | Found a shimmering altar of Xom.
  1909 | D:3      | Reached XP level 5. HP: 16/31 MP: 0/9
  2688 | D:4      | Noticed Eustachio
  2694 | D:4      | Killed Eustachio
  2695 | D:4      | Reached XP level 6. HP: 37/37 MP: 3/11
  3161 | D:4      | Found a sparkling altar of Nemelex Xobeh.
  3180 | D:4      | Found a glowing drain.
  3185 | D:4      | Noticed Sigmund
  3191 | Sewer    | Entered a sewer
  4553 | D:4      | Killed Sigmund
  4554 | D:4      | Reached skill level 1 in Fighting
  4554 | D:4      | Reached skill level 1 in Long Blades
  4554 | D:4      | Reached skill level 5 in Fire Magic
  4554 | D:4      | Reached XP level 7. HP: 35/43 MP: 3/13
  4768 | D:5      | Entered Level 5 of the Dungeon
  4896 | D:5      | HP: 2/44 [ufetubus (3)]
  5109 | D:5      | Noticed Pikel
  5133 | D:5      | Slain by a lemure

Illustrated notes

Levels and vault maps discovered:
D:1:      shiori_arrival_elements, layout_basic, feat_on_display
D:2:      layout_loops_ring, serial_shops, shop, grunt_ministairs_10
D:3:      layout_basic, lemuel_round_altar, minmay_misc_feat_encased
D:4:      layout_basic, nemelex_spade_bored_becter,
          cheibrodos_sewer_entry_sluice, nrook_mini_vaults, minmay_cut_off,
          uniq_eustachio, uniq_sigmund
D:5:      layout_basic, uniq_pikel

Skill      XL: |  1  2  3  4  5  6 |
---------------+-------------------+-----
Stealth        | 3 4 |  4.9
Fire Magic     | 4 5 |  5.2
Spellcasting   | 3 4 |  4.3
Conjurations   | 2 |  2.5
Fighting       | 1 |  1.9
Long Blades    | 1 |  1.2
Short Blades   | |  0.8
Throwing       | |  0.1
Dodging        | |  2.7

Action                     |  1- 3 |  4- 6 |  7- 9 || total
---------------------------+-------+-------+-------++-------
  Melee: Dagger            |     3 |       |       ||     3
         Constrict         |     5 |     5 |     4 ||    14
         Short sword       |    29 |    19 |       ||    48
         Tentacles         |     5 |     3 |     3 ||    11
         Punch             |     1 |     1 |     1 ||     3
         Falchion          |       |    16 |    11 ||    27
  Throw: Boomerang         |       |     2 |       ||     2
   Cast: Foxfire           |    26 |   152 |    16 ||   194
         Scorch            |     5 |     9 |     2 ||    16
         Inner Flame       |       |     1 |     1 ||     2
    Use: Potion            |       |     5 |     1 ||     6
         Scroll            |       |     2 |     1 ||     3
   Stab: Sleeping          |     5 |     4 |       ||     9
 Armour: Skin              |     3 |     9 |     5 ||    17
  Dodge: Dodged            |    21 |    48 |    35 ||   104

Table legend: (Time is in decaauts)
 A = Elapsed time spent in this place.
 B = Non-inter-level travel time spent in this place.
 C = Inter-level travel time spent in this place.
 D = Time resting spent in this place.
 E = Time spent auto-exploring this place.
 F = Levels seen in this place.
 G = Mean time per level.
                   A        B        C        D        E       F      G
               +--------+--------+--------+--------+--------+-----+--------+
         Total |   5154 |   5073 |     81 |      0 |   3847 |   6 |  859.0 |
       Dungeon |   4066 |   3985 |     81 |      0 |   3067 |   5 |  813.2 |
         Sewer |   1087 |   1087 |      0 |      0 |    780 |   1 | 1087.0 |
               +--------+--------+--------+--------+--------+-----+--------+

Top non-repeatable levels by time:
     D:3: 1181 daAuts
   Sewer: 1087 daAuts
     D:4: 1025 daAuts
     D:2: 755 daAuts
     D:1: 732 daAuts
     D:5: 372 daAuts
